 Dungeon Crawl Stone Soup version 0.29.0-11-gd7f09526c8 (webtiles) character file.

Game seed: 444349719231033911

44258 Monkooky the Hand of Fortune (level 13, -3/107 HPs)
             Began as a Palentonga Wanderer on Sept 2, 2022.
             Was the Champion of Nemelex Xobeh.
             Slain by a bog body (28 damage)
             ... on level 1 of the Swamp.
             The game lasted 01:08:15 (19812 turns).

Monkooky the Hand of Fortune (Palentonga Wanderer) Turns: 19812, Time: 01:08:16

Health: -3/107     AC: 39    Str: 19    XL:     13   Next: 95%
Magic:  22/22      EV:  0    Int: 11    God:    Nemelex Xobeh [******]
Gold:   783        SH: 26    Dex: 11    Spells: 13/14 levels left

rFire   + . .      SeeInvis +   A - +2 flail (protect)
rCold   . . .      Faith    +   l - +10 tower shield of Ignorance {rN+ Int-4}
rNeg    + . .      Spirit   .   N - +3 crystal plate armour
rPois   .          Reflect  .   O - +2 hat
rElec   .          Harm     .   w - +2 cloak {rF+}
rCorr   .          Rampage  .   Q - +3 pair of gauntlets of War {Slay+5}
Will    +....                   (no barding)
Stlth   ..........              t - amulet of faith
HPRegen 0.27/turn               k - +4 ring of protection
MPRegen 0.18/turn               g - ring of willpower

@: slowed, curled up, very slow
A: large, rugged brown scales 3, see invisible, deformed body, roll 1, armoured
tail, reflexive curl
a: Rolling Charge, Renounce Religion, Draw Escape, Draw Destruction, Draw
Summoning, Draw Stack, Triple Draw, Deal Four, Stack Five


You were on level 1 of the Swamp.
You worshipped Nemelex Xobeh.
Nemelex Xobeh was exalted by your worship.
You visited 3 branches of the dungeon, and saw 16 of its levels.
You also visited: Volcano.

You collected 967 gold pieces.
You spent 184 gold pieces at shops.

Inventory:

Hand Weapons
 A - a +2 flail of protection (weapon)
Missiles
 o - 6 throwing nets
 E - 49 poisoned darts
 S - 5 curare-tipped darts
Armour
 a - a +0 buckler
 l - the +10 tower shield of Ignorance (worn) {rN+ Int-4}
   (You found it on level 10 of the Dungeon)

   Int:       It affects your intelligence (-4).
   rN:        It protects you from negative energy.
 w - a +2 cloak of fire resistance (worn)
 N - a +3 crystal plate armour (worn)
 O - a +2 hat (worn)
 Q - the +3 pair of gauntlets of War (worn) {Slay+5}
   (You found it in a volcano)

   Slay:      It affects your accuracy & damage with ranged weapons and melee
   (+5).
Jewellery
 g - a ring of willpower (right hand)
 k - a +4 ring of protection (left hand)
 p - a ring of wizardry
 t - an amulet of faith (around neck)
 X - a ring of protection from cold
Wands
 h - a wand of roots (1)
 y - a wand of light (4)
 B - a wand of digging (7)
 I - a wand of flame (16)
 P - a wand of charming (6)
Scrolls
 c - 4 scrolls of blinking
 f - 2 scrolls of silence {unknown}
 j - 4 scrolls of fog {unknown}
 m - 3 scrolls of vulnerability
 n - 2 scrolls of magic mapping {unknown}
 u - 2 scrolls of fear {unknown}
 x - 8 scrolls of teleportation {unknown}
 z - 2 scrolls of amnesia
 D - 2 scrolls of immolation
 F - a scroll of enchant weapon
 H - 2 scrolls of identify
 L - a scroll of acquirement
 M - 3 scrolls of brand weapon {unknown}
 W - a scroll of summoning {unknown}
Potions
 d - a potion of brilliance {unknown}
 e - a potion of berserk rage {unknown}
 i - 2 potions of lignification {unknown}
 q - 4 potions of mutation {unknown}
 r - 3 potions of invisibility
 s - a potion of attraction
 v - a potion of flight {unknown}
 C - 2 potions of ambrosia {unknown}
 G - 5 potions of heal wounds
 J - a potion of magic {unknown}
 K - 2 potions of resistance {unknown}
 R - 2 potions of haste {unknown}
 T - 2 potions of might {unknown}
 V - a potion of curing
Miscellaneous
 b - a piece from Xom's chessboard (15/15)
 U - a tin of tremorstones (inert)


   Skills:
 - Level 8.9 Fighting
 - Level 11.0 Maces & Flails
 - Level 1.0 Polearms
 - Level 1.0 Throwing
 + Level 8.4 Armour
 + Level 2.3 Dodging
 - Level 11.0 Shields
 - Level 1.0 Spellcasting
 - Level 3.2 Air Magic
 - Level 13.0 Invocations
 - Level 4.6 Evocations


You had 13 spell levels left.
You knew the following spells:

 Your Spells              Type           Power      Damage    Failure   Level
a - Shock                 Conj/Air       16%        1d4       100%        1

Your spell library contained the following spells:

 Spells                   Type           Power      Damage    Failure   Level
 Apportation              Tloc           0%         N/A       100%        1
 Scorch                   Fire           0%         2d5       100%        2
 Gell's Gravitas          Tloc           0%         N/A       100%        3
 Lesser Beckoning         Tloc           0%         N/A       100%        3
 Mephitic Cloud           Conj/Pois/Air  2%         N/A       100%        3
 Summon Guardian Golem    Hex/Summ       0%         N/A       100%        3
 Teleport Other           Tloc           0%         N/A       100%        3
 Airstrike                Air            3%         2d(1-17)  100%        4
 Anguish                  Hex/Necr       0%         N/A       100%        4
 Corpse Rot               Necr/Pois/Air  2%         N/A       100%        4
 Dispel Undead            Necr           0%         3d6       100%        4
 Flame Wave               Conj/Fire      0%         2d4       100%        4
 Summon Ice Beast         Ice/Summ       0%         N/A       100%        4
 Alistair's Intoxication  Tmut/Pois      0%         N/A       100%        5
 Summon Forest            Summ/Tloc      0%         N/A       100%        5
 Summon Mana Viper        Hex/Summ       0%         N/A       100%        5
 Death Channel            Necr           0%         N/A       100%        6
 Eringya's Noxious Bog    Tmut/Pois      0%         N/A       100%        6
 Summon Cactus Giant      Summ           0%         N/A       100%        6
 Enfeeble                 Hex            0%         N/A       100%        7
 Monstrous Menagerie      Summ           0%         N/A       100%        7
 Orb of Destruction       Conj           0%         9d5       100%        7
 Spellforged Servitor     Conj/Summ      0%         N/A       100%        7
 Summon Hydra             Summ           0%         N/A       100%        7


Dungeon Overview and Level Annotations

Branches:
Dungeon (12/15)            Temple (0/1) D:7            Lair (3/5) D:8
  Swamp (1/4) Lair:2       Spider (0/4) Lair:3          Orc (0/2) D:9
Volcano (visited)

Altars:
Cheibriados
Fedhas
Kikubaaqudgha
Nemelex Xobeh
Ru
Uskayaw
Vehumet
Xom
Yredelemnul
The Shining One

Shops:
D:1 *   D:2 =(   D:7 ![

Annotations:
D:3 exclusion: statue
D:8 exclusion: downstairs
D:10 1 runed translucent door


Innate Abilities, Weirdness & Mutations

You are completely covered in rugged brown scales. (AC +3, +7% HP)
You have supernaturally acute eyesight. (SInv)
Armour fits poorly on your strangely shaped body.
You can roll at nearby foes to attack.
You have a long armoured tail.
You curl defensively after being hit. (AC +7*)


Message History

Press: ? - help, Shift-Dir - straight line, f - you, p - tyrant leech The roots erupt in riotous growth!
Roots grab the swamp worm.
Roots grab the tyrant leech.
Roots grab the swamp worm.
Roots grab the tyrant leech.
Roots grab the bog body.
The spriggan rider shouts!
The grasping roots constrict the bog body!
The grasping roots constrict the tyrant leech.
The grasping roots constrict the swamp worm!
You kill the swamp worm!
The grasping roots constrict the swamp worm.
The grasping roots constrict the tyrant leech!
The swamp worm bites you but does no damage.
You block the tyrant leech's attack. You block the goliath frog's attack.
The spriggan rider hits you but does no damage.
The bog body touches you but does no damage.
The spriggan rider hits you but does no damage.
The tyrant leech bites you but does no damage.
You block the swamp worm's attack.
Unknown command.
You feel much better.
The grasping roots constrict the bog body!
The grasping roots constrict the tyrant leech!
The grasping roots constrict the swamp worm!
You kill the swamp worm!
The grasping roots constrict the tyrant leech.
The roots release their grip on the bog body.
The goliath frog hits you from afar!
You are splashed with acid!
* * * LOW HITPOINT WARNING * * *
The bog body casts a spell at you. You resist with almost no effort.
You block the spriggan rider's attack. You block the tyrant leech's attack.
The spriggan rider hits you but does no damage.
The goliath frog hits you but does no damage.
You block the bog body's attack. You block the tyrant leech's attack.
The bog body touches you.
* * * LOW HITPOINT WARNING * * *
The bog body freezes you!!
You die...
Your body glows with a rainbow of weird colours and disappears.

~~~~~~~~~~~~§~~~~~~~~>..~♣
~~.~~~~~~~~~~~~~~~~~~.~♣♣♣
..~~~~...~...~...~~.♣♣..♣♣
♣...~~~.~♣♣♣♣♣~..§~♣♣♣~..~
~~.~.~~.♣♣ ♣♣~♣♣♣♣ ♣♣~~.
..[.§♣..♣♣♣♣♣ ♣.~♣ ♣~~~
~...§.§§§§~~♣ ♣♣♣♣ ♣♣♣♣
~~..§~~~§§§§♣ ♣♣
~~~..~~§n@§♣♣ ♣♣..♣
~~~~§~~~wwn♣♣......
.~~~~~~ii§§F♣......
♣.~~~~~i~~§§~♣.~~..
♣♣♣~§§>~..§.§§.~~..
♣~.§§...~~~.~~~.~
♣♣§§~...~~~.>~...
~~~~..♣..~~.....$
§.♣♣♣♣♣♣♣..~.~~~~.


You could see 2 tyrant leeches, 3 spriggan riders, a goliath frog (drained) and
2 bog bodies.

Vanquished Creatures
  Rupert (D:12)
  Gastronok (D:8)
  A rakshasa (Volcano)
  2 boulder beetles
  6 hydras
  A two-headed ogre (D:9)
  3 death yaks (Lair:2)
  5 slime creatures (D:12)
  Sonja (Lair:2)
  A fire crab (Volcano)
  A spriggan druid (Swamp:1)
  A bog body (Lair:2)
  4 orange crystal statues (D:10)
  A manticore (D:12)
  Pikel (D:6)
  A cyclops (D:12)
  A deep elf pyromancer (D:12)
  2 ugly things (D:11)
  A will-o-the-wisp (Swamp:1)
  2 molten gargoyles (Volcano)
  3 cane toads
  A black mamba (Lair:2)
  2 unseen horrors (D:12)
  3 komodo dragons
  Psyche (D:8)
  A rime drake (Lair:2)
  5 trolls
  A polar bear (Lair:2)
  8 blink frogs
  Sigmund (D:4)
  3 shadows
  4 wraiths
  3 wyverns
  6 fire bats (Volcano)
  A fire bat (shapeshifter) (D:12)
  25 yaks
  A basilisk (Lair:2)
  3 steam dragons
  A golden eye (shapeshifter) (D:12)
  4 redbacks (Lair:3)
  6 swamp worms
  2 acid dragons
  6 water moccasins
  A hell hound (Volcano)
  3 orc warriors
  2 sky beasts (D:7)
  2 ice beasts
  4 ogres
  5 wolves (Lair:2)
  9 centaurs
  12 kobold brigands
  8 bullfrogs
  2 gnoll sergeants (D:9)
  5 wights (D:7)
  3 killer bees
  An electric eel (Lair:2)
  4 howler monkeys
  4 crimson imps (D:8)
  5 lava snakes (Volcano)
  8 orc priests
  3 gnoll boudas
  4 jellies
  9 orc wizards
  4 hell rats (Lair:1)
  13 gnolls
  6 adders
  A shadow imp (D:7)
  A white imp (D:7)
  2 ufetubi (D:5)
  2 worms (D:2)
  A dart slug (D:1)
  41 orcs
  9 ball pythons
  4 bats
  3 endoplasms (D:3)
  A giant cockroach (D:1)
  6 goblins
  6 hobgoblins
  4 jackals (D:1)
  2 quokkas (D:1)
  3 frilled lizards (D:1)
  22 kobolds
  4 rats
357 creatures vanquished.

Vanquished Creatures (collateral kills)
  3 cane toads (Lair:1)
  2 rime drakes (Lair:1)
  A komodo dragon (Lair:1)
  A kobold demonologist (D:11)
  A polar bear (Lair:1)
  A troll (Lair:1)
  A spriggan (Lair:1)
  A yak (Lair:1)
  2 basilisks
  A naga (Lair:1)
  A swamp drake (Lair:1)
  A black bear (Lair:1)
  10 hell rats (Lair:1)
26 creatures vanquished.

Vanquished Creatures (others)
  A steam dragon (D:7)
  A hell hound (Volcano)
  2 foxfires (Swamp:1)
  8 fungi
  48 plants
60 creatures vanquished.

Grand Total: 443 creatures vanquished

Notes
Turn   | Place    | Note
-------+----------+-------------------------------------------
     0 | D:1      | Monkooky the Palentonga Wanderer began the quest for the
                  | Orb.
     0 | D:1      | Monkooky set off with the following items: a +0 spear, a
                  | piece from Xom's chessboard (15/15), a scroll of blinking,
                  | a +0 leather armour; and the following spell memorised:
                  | Shock; and the following spells available to memorise:
                  | Mephitic Cloud, Airstrike.
     0 | D:1      | Reached XP level 1. HP: 13/13 MP: 2/2
    70 | D:1      | Reached skill level 1 in Fighting
   200 | D:1      | Reached XP level 2. HP: 23/23 MP: 3/3
   490 | D:1      | Found a faded altar of an unknown god.
   501 | D:1      | Prayed at the altar of an unknown god.
   501 | D:1      | Became a worshipper of Nemelex Xobeh the Trickster
   501 | D:1      | Reached * piety under Nemelex Xobeh
   624 | D:1      | Reached XP level 3. HP: 29/29 MP: 4/4
   627 | D:1      | Received a gift from Nemelex Xobeh
   686 | D:1      | Found Nastozumn's Assorted Antiques.
   700 | D:1      | Bought a scroll labelled AKKOCR GUWEWK for 27 gold pieces
   700 | D:1      | Bought a scroll labelled OSEINE REAM for 27 gold pieces
   965 | D:2      | Found a shimmering altar of Xom.
  1072 | D:2      | Reached skill level 1 in Invocations
  1193 | D:2      | Reached ** piety under Nemelex Xobeh
  1214 | D:2      | Reached skill level 2 in Invocations
  1217 | D:2      | Found Cazanyth's Jewellery Boutique.
  1688 | D:2      | Found Leicw's Weapon Shop.
  1750 | D:2      | Reached XP level 4. HP: 36/36 MP: 3/5
  1975 | D:3      | Noticed a scorpion
  1977 | D:3      | a scorpion changed into a jelly
  1983 | D:3      | Reached skill level 3 in Invocations
  2254 | D:3      | Reached skill level 4 in Invocations
  2254 | D:3      | Reached XP level 5. HP: 34/41 MP: 0/8
  2774 | D:3      | Found a radiant altar of Vehumet.
  2774 | D:3      | Noticed a charred statue
  2923 | D:3      | Received a gift from Nemelex Xobeh
  3288 | D:4      | Reached skill level 5 in Invocations
  3395 | D:4      | Reached XP level 6. HP: 6/49 MP: 5/10
  3836 | D:4      | Reached *** piety under Nemelex Xobeh
  3881 | D:4      | Noticed Edmund
  3892 | D:4      | Noticed Edmund
  3892 | D:4      | Edmund changed into Edmund the adder
  3898 | D:4      | Killed Edmund the adder
  4071 | D:4      | Noticed Sigmund
  4086 | D:4      | Killed Sigmund
  4267 | D:4      | You fall into a shaft and drop 1 floor!
  4267 | D:5      | Entered Level 5 of the Dungeon
  4346 | D:5      | Reached skill level 6 in Invocations
  4349 | D:5      | Gained mutation: You curl defensively after being hit. (AC
                  | +7*) [Palentonga growth]
  4349 | D:5      | Reached XP level 7. HP: 52/54 MP: 11/11
  4540 | D:5      | Received a gift from Nemelex Xobeh
  4911 | D:5      | Found a snail-covered altar of Cheibriados.
  4914 | D:5      | Found a blossoming altar of Fedhas.
  4914 | D:5      | Found a glowing golden altar of the Shining One.
  4914 | D:5      | Found a basalt altar of Yredelemnul.
  4916 | D:5      | Reached skill level 7 in Invocations
  4959 | D:5      | Received a gift from Nemelex Xobeh
  4995 | D:6      | Noticed Pikel
  4995 | D:6      | Found a hide-covered altar of Uskayaw.
  4998 | D:6      | Killed Pikel
  4999 | D:6      | Reached XP level 8. HP: 54/60 MP: 11/13
  5220 | D:6      | Reached skill level 8 in Invocations
  5268 | D:6      | Found an ancient bone altar of Kikubaaqudgha.
  5360 | D:6      | Reached **** piety under Nemelex Xobeh
  5603 | D:6      | Reached skill level 9 in Invocations
  6008 | D:7      | Found a sacrificial altar of Ru.
  6076 | D:7      | Reached XP level 9. HP: 60/71 MP: 15/15
  6086 | D:7      | Reached skill level 5 in Fighting
  6502 | D:7      | Reached skill level 1 in Armour
  6612 | D:7      | Received a gift from Nemelex Xobeh
  6779 | D:7      | Found Ydedol's Armour Boutique.
  6821 | D:7      | Found a staircase to the Ecumenical Temple.
  6855 | D:7      | Found Secvineis's Distillery.
  6939 | D:7      | Bought 2 potions of heal wounds for 130 gold pieces
  7266 | D:8      | Reached ***** piety under Nemelex Xobeh
  7266 | D:8      | Received a gift from Nemelex Xobeh
  7598 | D:8      | Noticed Psyche
  7600 | D:8      | Killed Psyche
  7612 | D:8      | Reached skill level 5 in Armour
  8220 | D:8      | Found a staircase to the Lair.
  8221 | D:8      | Noticed a komodo dragon
  8238 | D:8      | Killed a komodo dragon
  8410 | D:8      | Received a gift from Nemelex Xobeh
  8414 | D:8      | Noticed Gastronok
  8421 | D:8      | Found a shimmering altar of Xom.
  8427 | D:8      | Reached XP level 10. HP: 64/81 MP: 15/17
  8427 | D:8      | Killed Gastronok
  8428 | D:8      | Reached skill level 10 in Invocations
  8720 | Lair:1   | Entered Level 1 of the Lair of Beasts
  8761 | Lair:1   | Received a gift from Nemelex Xobeh
  8777 | Lair:1   | Reached skill level 11 in Invocations
  8810 | Lair:1   | Noticed a six-headed hydra
  8815 | Lair:1   | Killed a six-headed hydra
  8818 | Lair:1   | You fall into a shaft and drop 1 floor!
  8818 | Lair:2   | Noticed a cane toad
  8819 | Lair:2   | Banished a cane toad
  8819 | Lair:2   | Noticed a black mamba
  8823 | Lair:2   | Killed a black mamba
  8829 | Lair:2   | Noticed a cane toad
  8832 | Lair:2   | Noticed a four-headed hydra
  8843 | Lair:2   | Killed a four-headed hydra
  8844 | Lair:2   | Reached XP level 11. HP: 42/86 MP: 7/19
  8847 | Lair:2   | Reached skill level 10 in Maces & Flails
  8963 | Lair:2   | Noticed Sonja
  9023 | Lair:1   | HP: 3/85 [hell rat (8)]
  9116 | Lair:1   | Received a gift from Nemelex Xobeh
  9161 | Lair:1   | Found a dark tunnel.
  9166 | Volcano  | Entered a volcano
 10014 | Volcano  | Received a gift from Nemelex Xobeh
 10360 | Volcano  | Found a radiant altar of Vehumet.
 10360 | Volcano  | Noticed a hell hog
 10366 | Volcano  | Noticed a rakshasa
 10366 | Volcano  | a hell hog changed into a rakshasa
 10369 | Volcano  | Killed a rakshasa
 10770 | Volcano  | Noticed a fire crab
 10783 | Volcano  | Killed a fire crab
 10981 | Volcano  | Found the +3 pair of gauntlets of War {Slay+5}
 11136 | Lair:1   | Reached XP level 12. HP: 26/100 MP: 20/20
 11470 | D:9      | Noticed a two-headed ogre
 11569 | D:9      | Received a gift from Nemelex Xobeh
 12113 | D:9      | Found a staircase to the Orcish Mines.
 12116 | D:9      | Reached skill level 1 in Shields
 12278 | D:9      | Received a gift from Nemelex Xobeh
 12300 | D:9      | Killed a two-headed ogre
 12726 | D:9      | Noticed a four-headed hydra
 12741 | D:9      | Killed a four-headed hydra
 12742 | D:9      | Reached skill level 5 in Shields
 13120 | D:10     | Entered Level 10 of the Dungeon
 13159 | D:10     | Received a gift from Nemelex Xobeh
 13469 | D:10     | Found a runed translucent door.
 13476 | D:10     | Found the +10 tower shield of Ignorance {rN+ Int-4}
 13551 | D:10     | Found a runed translucent door.
 13630 | D:10     | Received a gift from Nemelex Xobeh
 13717 | D:10     | Reached ****** piety under Nemelex Xobeh
 13722 | D:10     | Identified a scroll of acquirement
 13885 | D:10     | Paralysed by a hornet for 1 turns
 14250 | D:11     | Received a gift from Nemelex Xobeh
 14692 | D:11     | Noticed a boulder beetle
 14696 | D:11     | Killed a boulder beetle
 14697 | D:11     | Reached skill level 12 in Invocations
 14746 | D:11     | Received a gift from Nemelex Xobeh
 15154 | D:11     | Received a gift from Nemelex Xobeh
 15379 | D:10     | Reached skill level 13 in Invocations
 15845 | D:12     | Reached XP level 13. HP: 107/107 MP: 22/22
 16893 | D:12     | Noticed Rupert
 16922 | D:12     | Killed Rupert
 17286 | Lair:1   | Received a gift from Nemelex Xobeh
 17915 | Lair:2   | Reached skill level 10 in Shields
 18227 | Lair:2   | Killed Sonja
 18491 | Lair:2   | Received a gift from Nemelex Xobeh
 18885 | Lair:2   | Received a gift from Nemelex Xobeh
 19049 | Lair:2   | Found a staircase to the Swamp.
 19454 | Lair:3   | Found a hole to the Spider Nest.
 19500 | Lair:3   | Received a gift from Nemelex Xobeh
 19621 | Swamp:1  | Entered Level 1 of the Swamp
 19792 | Swamp:1  | Received a gift from Nemelex Xobeh
 19812 | Swamp:1  | Slain by a bog body

Illustrated notes

Levels and vault maps discovered:
D:1:      roderic_octagonal_star, layout_basic, serial_shops,
          nicolae_shop_overgrown_old_shop, hellmonk_ecumenical_altar_dog_temple
D:2:      layout_loops_ring, basic_altar, serial_shops, shop_fountains, shop,
          guppyfry_early_lair_pool
D:3:      layout_basic, vehumet_statue, kennysheep_doodads,
          chequers_serial_rivers_small_3
D:4:      minmay_chambers_of_twos, layout_basic, sigmund_edmund_badplayer,
          uniq_eustachio, uniq_sigmund
D:5:      layout_basic, grunt_temple_overflow_open, hex_intersection,
          nrook_loot_triangle, uniq_edmund
D:6:      layout_basic, mainiacjoe_overflow_catwalk_spiral, uniq_pikel
D:7:      layout_gridville, mainiacjoe_overflow_paths,
          minmay_temple_entry_statues_pillars, serial_shops,
          nicolae_shop_hallway_stairs, nicolae_diamond_shop, amethyst_killhole
D:8:      layout_cave_pools, led_xom_imps, david_lair_shrubbed, uniq_gastronok,
          uniq_psyche
D:9:      layout_loops_corners, kennysheep_orc_monster_closet_entryway
D:10:     layout_loops_ring, chequers_guarded_unrand_ignorance
D:11:     layout_loops_corners
D:12:     layout_basic, drop_trap, minmay_radiant, uniq_rupert
Lair:1:   layout_gridlike, enter_volcano_4
Lair:2:   layout_regular_city, nicolae_swamp_entry_splash_gauntlet, uniq_sonja
Lair:3:   layout_long_grid, spider_nest_entry_webs
Swamp:1:  layout_basic_swamp, hangedman_swamp_ruin_hall, swamp_pool1,
          uniq_donald

Skill      XL: |  1  2  3  4  5  6  7  8  9 10 11 12 13 |
---------------+----------------------------------------+-----
Fighting       | 1 2 4 6 8 |  8.9
Invocations    | 2 4 5 6 7 9 11 13 | 13.0
Maces & Flails | 3 6 9 11 | 11.0
Armour         | 6 7 8 |  8.4
Shields        | 5 11 | 11.0
Evocations     | 4 |  4.6
Dodging        | 2 |  2.3
Polearms       | |  1.0
Throwing       | |  1.0
Spellcasting   | |  1.0
Air Magic      | |  3.2

Action                   |  1- 3 |  4- 6 |  7- 9 | 10-12 | 13-15 || total
-------------------------+-------+-------+-------+-------+-------++-------
Melee: Spear             |    21 |       |       |       |       ||    21
       Tailslap          |    14 |    14 |    44 |    81 |    73 ||   226
       Short sword       |    74 |    91 |       |       |       ||   165
       Flail             |       |    17 |   293 |   424 |   329 ||  1063
       Punch             |       |       |     4 |     3 |       ||     7
Throw: Dart              |       |       |       |       |     1 ||     1
 Cast: Shock             |    10 |    21 |     2 |       |       ||    33
Invok: Draw Destruction  |       |     7 |    13 |    28 |     7 ||    55
       Draw Escape       |       |     1 |       |     3 |     2 ||     6
       Deal Four         |       |       |       |     6 |       ||     6
       Draw Summoning    |       |       |       |    12 |     2 ||    14
       Stack Five        |       |       |       |     1 |       ||     1
 Abil: Rolling Charge    |    20 |    26 |    35 |    70 |    42 ||   193
Evoke: Piece from Xom's  |       |     1 |       |       |       ||     1
       Wand              |       |       |     3 |     7 |     3 ||    13
       Tin of tremorston |       |       |       |       |     2 ||     2
  Use: Potion            |       |     1 |       |     4 |     3 ||     8
       Scroll            |       |       |     6 |     7 |       ||    13
 Stab: Petrified         |       |       |       |       |     6 ||     6
Armor: Leather armour    |     2 |       |       |       |       ||     2
       Ring mail         |    45 |    83 |    59 |       |       ||   187
       Steam dragon scal |       |       |    65 |       |       ||    65
       Crystal plate arm |       |       |   175 |   450 |   209 ||   834
Dodge: Dodged            |    37 |    70 |    92 |    21 |     6 ||   226
Block: Buckler           |       |       |       |    58 |       ||    58
       Tower shield      |       |       |       |    21 |   400 ||   421
